 Dungeon Crawl Stone Soup version 0.24-a0-736-g4e6fe308c7 (webtiles) character file.

Game seed: 6951479364290172380, levelgen mode: deterministic

303 Johnny the Digger (level 5, -4/42 HPs)
             Began as a Demigod Earth Elementalist on Oct 2, 2019.
             Killed by divine providence
             ... invoked by an orc priest
              (9 damage)
             ... on level 3 of the Dungeon.
             The game lasted 00:03:09 (2403 turns).

Johnny the Digger (Demigod Earth Elementalist)      Turns: 2403, Time: 00:03:09

Health: -4/42      AC:  3    Str: 11    XL:     5   Next: 91%
Magic:  9/21       EV: 12    Int: 21    God:
Gold:   101        SH:  0    Dex: 16    Spells: 9/10 levels left

rFire    . . .     SeeInvis .   p - +3 rapier (distort)
rCold    . . .     Gourm    .   (no shield)
rNeg     . . .     Faith    .   c - +0 robe
rPois    .         Spirit   .   (no helmet)
rElec    .         Reflect  .   f - scarf {cloud immunity}
rCorr    .         Harm     .   (no gloves)
MR       .....                  q - +0 pair of boots
Stlth    ++........             (no amulet)
HPRegen  0.14/turn              g - ring of magical power
MPRegen  0.17/turn              (no ring)

@: lethally poisoned (-4 -> -9)
A: high mp 1
a: no special abilities


You were on level 3 of the Dungeon.
You were not hungry.

You visited 1 branch of the dungeon, and saw 3 of its levels.

You collected 101 gold pieces.

Inventory:

Hand Weapons
 p - a +3 rapier of distortion (weapon)
Missiles
 b - 85 stones (quivered)
Armour
 c - a +0 robe (worn)
 f - a scarf of cloud immunity (worn)
 m - a +0 cloak
 q - a +0 pair of boots (worn)
Jewellery
 g - a ring of magical power (left hand)
Scrolls
 a - 4 scrolls of remove curse {unknown}
 e - a scroll of blinking {unknown}
 h - a scroll of enchant armour {unknown}
 k - 2 scrolls of random uselessness {unknown}
 l - a scroll of identify {unknown}
 n - a scroll of enchant weapon {unknown}
 r - a scroll of teleportation {unknown}
Potions
 i - 2 potions of lignification {unknown}
 j - a potion of resistance {unknown}
Comestibles
 d - 6 rations


   Skills:
 + Level 2.5 Fighting
 - Level 1.7 Dodging
 - Level 1.7 Stealth
 + Level 3.1 Spellcasting
   Level 0.8 Transmutations
 * Level 4.8 Earth Magic


You had 9 spell levels left.
You knew the following spells:

 Your Spells              Type           Power        Failure   Level  Hunger
a - Sandblast             Erth           ###...       1%          1    None

Your spell library contained the following spells:

 Spells                   Type           Power        Failure   Level  Hunger
 Passwall                 Tmut/Erth      ###.....     6%          2    ##.....
 Stone Arrow              Conj/Erth      ##....       14%         3    ###....
 Petrify                  Tmut/Erth      ###.....     38%         4    ####...
 Lee's Rapid Deconstruct  Erth           ###.......   45%         5    ######.


Dungeon Overview and Level Annotations

Branches:
Dungeon (3/15)


Innate Abilities, Weirdness & Mutations

You have an increased reservoir of magic. (+10% MP)


Message History

Press: ? - help, Shift-Dir - straight line, f/p - orc priest
Aim: an orc priest, wielding a +0 trident of venom and wearing a +0 leather armour (moderately wounded)
The blast of sand hits the orc priest.
The orc priest is heavily wounded.
b - 86 stones
* * * LOW HITPOINT WARNING * * *
You feel sick. The orc priest misses you.
Casting: Sandblast (safe; 1% risk of failure)
Confirm with . or Enter, or press ? or * to list all spells.
Aiming: Sandblast (safe; 1% risk of failure)
Press: ? - help, Shift-Dir - straight line, f/p - orc priest
Aim: an orc priest, wielding a +0 trident of venom and wearing a +0 leather armour (heavily wounded)
The blast of sand hits the orc priest.
The orc priest is severely wounded.
b - 85 stones
* * * LOW HITPOINT WARNING * * *
You feel sick.
The orc priest invokes the aid of Beogh against you.
Beogh smites you!
You die...

#..# #.# #.# ##..# #.# #.#
... #.# #.# #.# ##'## #.#
#####.### ##...## ##.#
#.......## ##.....## ##.#
#.###.#..## ##.......#
.#.###.###.#...####.....).##
................@)o........##
.#)###.###.#...####.........#
##.# #.# #.#..## ##.......##
.#.# #.. ....## ##o.)..##
...# #####.### ##...## .###
#. ##)## ## # #)# #.# ...


You could see an orc priest.

Vanquished Creatures
  3 orc priests
  An orc wizard (D:3)
  4 gnolls (D:2)
  3 adders (D:2)
  2 oozes (D:2)
  7 worms
  2 dart slugs
  2 leopard geckos (D:2)
  8 orcs (D:3)
  2 giant cockroaches (D:2)
  6 goblins
  5 hobgoblins
  A quokka (D:2)
  6 bats
  3 frilled lizards
  5 kobolds
  6 rats
66 creatures vanquished.

Vanquished Creatures (others)
  An orc wizard (D:3)
1 creature vanquished.

Grand Total: 67 creatures vanquished

Notes
Turn   | Place    | Note
-------+----------+-------------------------------------------
     0 | D:1      | Johnny the Demigod Earth Elementalist began the quest for
                  | the Orb.
     0 | D:1      | Reached XP level 1. HP: 14/14 MP: 5/5
   408 | D:1      | Reached skill level 3 in Earth Magic
   481 | D:1      | Reached XP level 2. HP: 22/22 MP: 3/7
   908 | D:2      | Reached skill level 1 in Fighting
   926 | D:2      | Reached XP level 3. HP: 24/28 MP: 8/8
  1456 | D:2      | Reached XP level 4. HP: 28/35 MP: 10/10
  1464 | D:2      | Reached skill level 4 in Earth Magic
  2108 | D:3      | Reached XP level 5. HP: 38/41 MP: 11/11
  2403 | D:3      | Killed from afar by an orc priest

Levels and vault maps discovered:
D:1:      dpeg_arrival_three_same_balls, layout_basic
D:2:      layout_loops_cross, minmay_puff
D:3:      layout_loops_corners, eat_drink_and_be_merry_uskayaw,
          grunt_gozag_statues, grunt_temple_overflow_diamond

Skill      XL: |  1  2  3  4  5 |
---------------+----------------+-----
Earth Magic    | 3 4 |  4.8
Spellcasting   | 2 3 |  3.1
Fighting       | 1 2 |  2.5
Dodging        | |  1.7
Stealth        | |  1.7
Transmutations | |  0.8

Action                   |  1- 3 |  4- 6 || total
-------------------------+-------+-------++-------
Melee: Rapier            |     4 |    25 ||    29
 Cast: Sandblast         |    47 |    44 ||    91
 Stab: Sleeping          |       |     6 ||     6
  Eat: Chunk             |     2 |     3 ||     5
Armor: Robe              |     6 |     4 ||    10
Dodge: Dodged            |    19 |    20 ||    39

Table legend:
 A = Non-vault XP
 B = Vault XP
 C = Vault XP percentage of total XP
 D = Non-vault monster count
 E = Vault monster count
 F = Vault count percentage of total count
                 A         B        C        D         E       F
            +---------+---------+-------+---------+---------+-------
      Total |     425 |       9 |   2.1 |      64 |       3 |   4.5
            +---------+---------+-------+---------+---------+-------
        D:1 |      18 |       0 |   0.0 |      11 |       0 |   0.0
        D:2 |     204 |       9 |   4.2 |      30 |       3 |   9.1
        D:3 |     203 |       0 |   0.0 |      23 |       0 |   0.0
            +---------+---------+-------+---------+---------+-------
